MID
BELOIT SNAPPERS @ FORT WAYNE TINCAPS
04/15/2024
 
TOP OF THE 1ST
Beloit Snappers batting - Pitching for Fort Wayne TinCaps : LHP Kaong Weng
Pitching: LHP Kaong Weng
Batting: RHB Preston Bates 0-0: Called Strike
0-1: Swinging Strike
0-2: Ball
1-2: Ground out 6-3 (Groundball, 6M, EV 101.3 MPH)
Batting: RHB Shane O'Connor 0-0: Ball
1-0: Swinging Strike
1-1: Foul Ball, location: 9LSF
1-2: Ball
2-2: Strikes out swinging, 2-3 out at first.
Batting: RHB Riley McCauley 0-0: Swinging Strike
0-1: Swinging Strike
0-2: Strikes out swinging
Top of the 1st over - 0 runs, 0 hits, 0 errors, 0 left on base; Beloit 0 - Fort Wayne 0
BOTTOM OF THE 1ST
Fort Wayne TinCaps batting - Pitching for Beloit Snappers : RHP Farhan Stevenson
Pitching: RHP Farhan Stevenson
Batting: RHB Jasiah Dixon 0-0: Ball
1-0: Ground out 4-3 (Groundball, 4, EV 101.9 MPH)
Batting: LHB Nick Alston 0-0: Ground out 6-3 (Groundball, 6M, EV 93.8 MPH)
Batting: LHB Jim Jarvis 0-0: Ball
1-0: Swinging Strike
1-1: Ball
2-1: Called Strike
2-2: Foul Ball, location: 7LMF
2-2: Ball
3-2: SOLO HOME RUN (Flyball, 9LD, EV 91.3 MPH), Distance : 335 ft
Batting: RHB Mario Rojas 0-0: Ball
1-0: Ball
2-0: Ball
3-0: Base on Balls
Batting: RHB Spencer Schwellenbach 0-0: Called Strike
0-1: SINGLE (Line Drive, 6M, EV 67.5 MPH)
Mario Rojas to second
Runner from 2nd tries for 3rd, SAFE, no throw by CF
Batting: RHB Sammy Infante 0-0: Ball
1-0: Swinging Strike
1-1: Ball
2-1: Fly out, F7 (Line Drive, 78M, EV 95.0 MPH)
Bottom of the 1st over - 1 run, 2 hits, 0 errors, 2 left on base; Beloit 0 - Fort Wayne 1
TOP OF THE 2ND
Beloit Snappers batting - Pitching for Fort Wayne TinCaps : LHP Kaong Weng
Batting: LHB Curt Wilson 0-0: Swinging Strike
0-1: Ball
1-1: Ball
2-1: Called Strike
2-2: Strikes out swinging, 2-3 out at first.
Batting: RHB Mike Petty 0-0: Ball
1-0: Ball
2-0: Ball
3-0: Base on Balls
Batting: LHB Julián Rico 0-0: Swinging Strike
0-1: DOUBLE (Flyball, 8LXD, EV 99.4 MPH)
Mike Petty to third
Runner from 3rd tries for Home, SAFE, no throw by CF
Batting: LHB Landon Keneley 0-0: Called Strike
0-1: Swinging Strike
0-2: Strikes out looking
Batting: RHB Daan Wijnmaalen 0-0: Called Strike
0-1: Ball
1-1: Ground out 3-1 (Groundball, 34, EV 99.4 MPH)
Top of the 2nd over - 1 run, 1 hit, 0 errors, 1 left on base; Beloit 1 - Fort Wayne 1
BOTTOM OF THE 2ND
Fort Wayne TinCaps batting - Pitching for Beloit Snappers : RHP Farhan Stevenson
Batting: LHB Anthony Servideo 0-0: Called Strike
0-1: Foul Ball, location: 2F
0-2: Ball
1-2: Ball
2-2: Ball
3-2: Fly out, F8 (Flyball, 8RM, EV 97.5 MPH)
Batting: LHB Sean Clausen 0-0: Foul Ball, location: 3FF
0-1: Ball
1-1: Called Strike
1-2: Strikes out swinging
Batting: RHB Dylan Garand 0-0: Called Strike
0-1: Ball
1-1: Foul Ball, location: 2LF
1-2: Foul Ball, location: 9LMF
1-2: Strikes out looking
Bottom of the 2nd over - 0 runs, 0 hits, 0 errors, 0 left on base; Beloit 1 - Fort Wayne 1
TOP OF THE 3RD
Beloit Snappers batting - Pitching for Fort Wayne TinCaps : LHP Kaong Weng
Batting: RHB Armando Robles 0-0: Called Strike
0-1: Foul Ball, location: 23FF
0-2: Strikes out swinging
Batting: RHB Preston Bates 0-0: TRIPLE (Line Drive, 9LD, EV 108.8 MPH)
Batting: RHB Shane O'Connor 0-0: Ball
1-0: Foul Ball, location: 3SF
1-1: Ground out U3 (Groundball, 3, EV 99.4 MPH)
Batting: RHB Riley McCauley 0-0: Called Strike
0-1: Foul Ball, location: 5DF
0-2: Strikes out swinging
Top of the 3rd over - 0 runs, 1 hit, 0 errors, 1 left on base; Beloit 1 - Fort Wayne 1
BOTTOM OF THE 3RD
Fort Wayne TinCaps batting - Pitching for Beloit Snappers : RHP Farhan Stevenson
Batting: RHB Jasiah Dixon 0-0: Swinging Strike
0-1: Swinging Strike
0-2: Ball
1-2: Ball
2-2: Ball
3-2: Foul Ball, location: 25F
3-2: Foul Ball, location: 5FF
3-2: Foul Ball, location: 9LSF
3-2: Strikes out swinging
Batting: LHB Nick Alston 0-0: Ball
1-0: Called Strike
1-1: Ball
2-1: Swinging Strike
2-2: Foul Ball, location: 25FF
2-2: Ground out 5-3 (Groundball, 5, EV 82.5 MPH)
Batting: LHB Jim Jarvis 0-0: Ball
1-0: Foul Ball, location: 2F
1-1: Fly out, F7 (Flyball, 7LS, EV 85.6 MPH)
Bottom of the 3rd over - 0 runs, 0 hits, 0 errors, 0 left on base; Beloit 1 - Fort Wayne 1
TOP OF THE 4TH
Beloit Snappers batting - Pitching for Fort Wayne TinCaps : LHP Kaong Weng
Batting: LHB Curt Wilson 0-0: Called Strike
0-1: Foul Ball, location: 9LSFF
0-2: Fly out, F8 (Flyball, 8LM, EV 81.3 MPH)
Batting: RHB Mike Petty 0-0: Ball
1-0: Called Strike
1-1: Called Strike
1-2: Ball
2-2: Foul Ball, location: 7LMF
2-2: Ball
3-2: Foul Ball, location: 9LSF
3-2: Foul Ball, location: 2F
3-2: Foul Ball, location: 2F
3-2: Base on Balls
Batting: LHB Julián Rico 0-0: Fly out, F8 (Line Drive, 78M, EV 103.1 MPH)
Batting: LHB Landon Keneley 0-0: Called Strike
0-1: Swinging Strike
0-2: Ball
1-2: Fly out, F9 (Flyball, 9D, EV 88.1 MPH)
Top of the 4th over - 0 runs, 0 hits, 0 errors, 1 left on base; Beloit 1 - Fort Wayne 1
BOTTOM OF THE 4TH
Fort Wayne TinCaps batting - Pitching for Beloit Snappers : RHP Farhan Stevenson
Batting: RHB Mario Rojas 0-0: Fly out, F7 (Flyball, 7D, EV 83.8 MPH)
Batting: RHB Spencer Schwellenbach 0-0: Foul Ball, location: 2F
0-1: Swinging Strike
0-2: Ball
1-2: Ball
2-2: Foul Ball, location: 2F
2-2: Foul Ball, location: 2F
2-2: Foul Ball, location: 5F
2-2: Ball
3-2: Base on Balls
Batting: RHB Sammy Infante 0-0: Ball
Spencer Schwellenbach is caught stealing 2nd base 2-4
1-0: Swinging Strike
1-1: Fly out, F3 (Line Drive, 3, EV 68.1 MPH)
Bottom of the 4th over - 0 runs, 0 hits, 0 errors, 0 left on base; Beloit 1 - Fort Wayne 1
TOP OF THE 5TH
Beloit Snappers batting - Pitching for Fort Wayne TinCaps : LHP Kaong Weng
Batting: RHB Daan Wijnmaalen 0-0: Foul Ball, location: 23F
0-1: Ball
1-1: Ground out 3-1 (Groundball, 34, EV 84.4 MPH)
Batting: RHB Armando Robles 0-0: Called Strike
0-1: Ball
1-1: Foul Ball, location: 3F
1-2: Ball
2-2: Strikes out swinging
Batting: RHB Preston Bates 0-0: Ball
1-0: Ball
2-0: Ball
3-0: Called Strike
3-1: Base on Balls
Batting: RHB Shane O'Connor 0-0: Called Strike
0-1: Fielders Choice at 2nd, 6-4 (Groundball, 6, EV 80.0 MPH)
Top of the 5th over - 0 runs, 0 hits, 0 errors, 1 left on base; Beloit 1 - Fort Wayne 1
BOTTOM OF THE 5TH
Fort Wayne TinCaps batting - Pitching for Beloit Snappers : RHP Farhan Stevenson
Batting: LHB Anthony Servideo 0-0: Ball
1-0: Ball
2-0: Ball
3-0: Base on Balls
Batting: LHB Sean Clausen 0-0: DOUBLE (Line Drive, 9LS, EV 100.0 MPH)
Anthony Servideo to third
Runner from 3rd tries for Home, SAFE, no throw by RF
Batting: RHB Dylan Garand 0-0: Bunted foul
0-1: Bunted foul
0-2: Ball
1-2: Ball
2-2: Ball
3-2: Base on Balls
Batting: RHB Jasiah Dixon 0-0: Foul Ball, location: 2F
0-1: Ball
1-1: Called Strike
1-2: Strikes out looking
Batting: LHB Nick Alston 0-0: SINGLE (Groundball, 25, EV 64.4 MPH) (infield hit)
Sean Clausen to third
Dylan Garand to second
Batting: LHB Jim Jarvis 0-0: Ball
1-0: Fly out, F6 (Popup, 6M, EV 60.0 MPH)
Batting: RHB Mario Rojas 0-0: Called Strike
0-1: Foul Ball, location: 23F
0-2: Ground out 4-3 (Groundball, 4MD, EV 103.8 MPH)
Bottom of the 5th over - 1 run, 2 hits, 0 errors, 3 left on base; Beloit 1 - Fort Wayne 2
TOP OF THE 6TH
Beloit Snappers batting - Pitching for Fort Wayne TinCaps : LHP Kaong Weng
Batting: RHB Riley McCauley 0-0: Ball
1-0: Foul Ball, location: 2RF
1-1: Ball
2-1: Foul Ball, location: 2F
2-2: Fly out, F6 (Line Drive, 6MD, EV 67.5 MPH)
Batting: LHB Curt Wilson 0-0: Ball
1-0: Ball
2-0: Ball
3-0: Called Strike
3-1: Foul Ball, location: 2F
3-2: Strikes out swinging
Batting: RHB Mike Petty 0-0: Called Strike
0-1: Ball
1-1: Foul Ball, location: 2F
1-2: Ball
2-2: Ground out 6-3 (Groundball, 6S, EV 68.1 MPH)
Top of the 6th over - 0 runs, 0 hits, 0 errors, 0 left on base; Beloit 1 - Fort Wayne 2
BOTTOM OF THE 6TH
Fort Wayne TinCaps batting - Pitching for Beloit Snappers : RHP Farhan Stevenson
Pitching: RHP Jeremiah Estrada
Batting: RHB Spencer Schwellenbach 0-0: Fly out, F8 (Flyball, 8RXD, EV 103.1 MPH)
Batting: RHB Sammy Infante 0-0: Called Strike
0-1: Foul Ball, location: 3F
0-2: Ball
1-2: Reached on error, E4 (Groundball, 4M, EV 90.0 MPH)
Batting: LHB Anthony Servideo 0-0: Foul Ball, location: 25F
0-1: Ball
1-1: Ball
2-1: Ball
3-1: Fly out, F7 (Flyball, 78D, EV 105.0 MPH)
Batting: LHB Sean Clausen 0-0: Ball
1-0: Ball
2-0: Swinging Strike
2-1: Ball
3-1: SINGLE (Groundball, 34D, EV 107.5 MPH)
Sammy Infante to second
Runner from 2nd tries for 3rd, SAFE, throw by RF made to third
Batting: RHB Dylan Garand 0-0: Ball
1-0: Fielders Choice at 2nd, U4 (Groundball, 4M, EV 84.4 MPH)
Bottom of the 6th over - 0 runs, 1 hit, 1 error, 2 left on base; Beloit 1 - Fort Wayne 2
TOP OF THE 7TH
Beloit Snappers batting - Pitching for Fort Wayne TinCaps : LHP Kaong Weng
Pitching: LHP Brandon Gibson
Batting: LHB Julián Rico 0-0: Called Strike
0-1: Ball
1-1: Ball
2-1: SINGLE (Flyball, 78M, EV 86.9 MPH)
Pinch Hitting: RHB Augusto Díaz 0-0: Foul Ball, location: 2F
0-1: DOUBLE (Line Drive, 7LS, EV 97.5 MPH)
Julián Rico to third
Batting: RHB Daan Wijnmaalen 0-0: Called Strike
0-1: Foul Ball, location: 9LDF
0-2: Strikes out looking
Batting: RHB Armando Robles 0-0: Foul Ball, location: 2F
0-1: Ball
1-1: Ball
2-1: Foul Ball, location: 2F
2-2: Ground out 6-3 (Groundball, 6MS, EV 80.6 MPH)
Batting: RHB Preston Bates 0-0: Ground out 6-3 (Groundball, 6, EV 106.9 MPH)
Top of the 7th over - 0 runs, 2 hits, 0 errors, 2 left on base; Beloit 1 - Fort Wayne 2
BOTTOM OF THE 7TH
Fort Wayne TinCaps batting - Pitching for Beloit Snappers : RHP Jeremiah Estrada
Now at 1B: Augusto Díaz
Batting: RHB Jasiah Dixon 0-0: Ball
1-0: Fly out, F8 (Line Drive, 8RM, EV 95.0 MPH)
Batting: LHB Nick Alston 0-0: Ball
1-0: Called Strike
1-1: Ball
2-1: DOUBLE (Line Drive, 7LM, EV 88.8 MPH)
Batting: LHB Jim Jarvis 0-0: DOUBLE (Line Drive, 89XD, EV 106.3 MPH)
Nick Alston scores
Batting: RHB Mario Rojas 0-0: Ball
1-0: Fly out, F7 (Line Drive, 78M, EV 96.3 MPH)
Batting: RHB Spencer Schwellenbach 0-0: Called Strike
0-1: Ball
1-1: Foul Ball, location: 9LDF
1-2: Ball
2-2: Ball
3-2: Foul Ball, location: 2F
3-2: Foul Ball, location: 9LSF
3-2: Fly out, F3 (Popup, 34, EV 63.8 MPH)
Bottom of the 7th over - 1 run, 2 hits, 0 errors, 1 left on base; Beloit 1 - Fort Wayne 3
TOP OF THE 8TH
Beloit Snappers batting - Pitching for Fort Wayne TinCaps : LHP Brandon Gibson
Batting: RHB Shane O'Connor 0-0: Foul Ball, location: 2F
0-1: Ball
1-1: Ball
2-1: Foul Ball, location: 2F
2-2: Strikes out looking
Batting: RHB Riley McCauley 0-0: Ball
1-0: SINGLE (Flyball, 78S, EV 95.6 MPH)
Batting: LHB Curt Wilson 0-0: Foul Ball, location: 2F
0-1: Foul Ball, location: 25F
0-2: Ball
1-2: Strikes out swinging
Pitching: RHP Eli Layard
Pinch Hitting: RHB Cade Horton 0-0: Called Strike
0-1: Foul Ball, location: 5F
0-2: Foul Ball, location: 2F
0-2: Foul Ball, location: 9LMF
0-2: Ball
1-2: SINGLE (Groundball, 6MD, EV 95.6 MPH)
Riley McCauley to second
Runner from 2nd tries for 3rd, SAFE, no throw by CF
Batting: LHB Julián Rico 0-0: Ball
1-0: Foul Ball, location: 5FF
1-1: Swinging Strike
1-2: Foul Ball, location: 25FF
1-2: Ball
2-2: Foul Ball, location: 7LSF
2-2: Ball
3-2: Strikes out looking
Top of the 8th over - 0 runs, 2 hits, 0 errors, 2 left on base; Beloit 1 - Fort Wayne 3
BOTTOM OF THE 8TH
Fort Wayne TinCaps batting - Pitching for Beloit Snappers : RHP Jeremiah Estrada
Pitching: LHP Brendon Mills
Now at 3B: Riley McCauley
Now at SS: Cade Horton
Batting: RHB Sammy Infante 0-0: Swinging Strike
0-1: Called Strike
0-2: SINGLE (Groundball, 6MD, EV 104.4 MPH)
Batting: LHB Anthony Servideo 0-0: Called Strike
0-1: Ball
1-1: Sac Bunt to 15S - play at first, batter OUT! 1-3
Sammy Infante to second
Batting: LHB Sean Clausen 0-0: Called Strike
0-1: Ball
1-1: Ground out 1-3 (Groundball, 13S, EV 67.5 MPH)
Sammy Infante to third
Batting: RHB Dylan Garand 0-0: Foul Ball, location: 7LSF
0-1: Ball
1-1: Called Strike
1-2: Foul Ball, location: 9LDF
1-2: Ball
2-2: Ball
Wild Pitch!
Sammy Infante scores
3-2: Strikes out swinging
Bottom of the 8th over - 1 run, 1 hit, 0 errors, 0 left on base; Beloit 1 - Fort Wayne 4
TOP OF THE 9TH
Beloit Snappers batting - Pitching for Fort Wayne TinCaps : RHP Eli Layard
Batting: RHB Augusto Díaz 0-0: Ball
1-0: TRIPLE (Flyball, 8LXD, EV 86.3 MPH)
Pinch Hitting: LHB Paco Fernández 0-0: Foul Ball, location: 3F
0-1: Ball
1-1: Swinging Strike
1-2: Ball
2-2: Fly out, F8 (Flyball, 8LD, EV 108.8 MPH)
Runner from 3rd tags up, SCORES, no throw by CF
Pinch Hitting: SHB Joe Lange 0-0: Ball
1-0: Ball
2-0: Fly out, F8 (Flyball, 8RD, EV 94.4 MPH)
Batting: RHB Preston Bates 0-0: Called Strike
0-1: SINGLE (Line Drive, 5D, EV 98.1 MPH)
Batting: RHB Shane O'Connor 0-0: Called Strike
0-1: Ball
1-1: Fielders Choice at 2nd, 6-4 (Groundball, 6, EV 88.1 MPH)
Top of the 9th over - 1 run, 2 hits, 0 errors, 1 left on base; Beloit 2 - Fort Wayne 4
Tuesday, April 23rd , 2024 - OOTP Baseball 24.11 Build 85